 Dungeon Crawl Stone Soup version 0.22-a0-362-g535178c (webtiles) character file.

23796 Deathtrap2010 the Cleaver (level 12, -2/106 HPs)
             Began as a Minotaur Fighter on Apr 19, 2018.
             Was a High Priest of the Shining One.
             Slain by Rupert
             ... wielding a +5 great sword of slicing
              (17 damage)
             ... on level 13 of the Dungeon on Apr 20, 2018.
             The game lasted 00:43:19 (10801 turns).

Deathtrap2010 the Cleaver (Minotaur Fighter)       Turns: 10801, Time: 00:43:20

Health: -2/106     AC: 21    Str: 26    XL:     12   Next: 75%
Magic:  15/15      EV: 10    Int: 12    God:    the Shining One [*****.]
Gold:   829        SH: 15    Dex: 12    Spells: 11/11 levels left

rFire    . . .     SeeInvis .   a - +5 war axe
rCold    . . .     Gourm    .   c - +0 shield
rNeg     + + .     Faith    .   k - +0 plate armour
rPois    .         Spirit   .   d - +0 hat
rElec    .         Reflect  +   r - +0 cloak
rCorr    .         Harm     .   (no gloves)
MR       ++...                  o - +0 pair of boots
Stlth    ..........             i - +2 amulet of reflection
HPRegen  0.27/turn              h - +4 ring of protection
MPRegen  0.14/turn              m - ring of protection from magic

@: brilliant, glowing
A: retaliatory headbutt, horns 2, agile 1, clever 1, magic resistance 1
a: Divine Shield, Cleansing Flame, Summon Divine Warrior, Renounce Religion


You were on level 13 of the Dungeon.
You worshipped the Shining One.
The Shining One was extremely pleased with you.
You were not hungry.

You visited 2 branches of the dungeon, and saw 14 of its levels.

You collected 829 gold pieces.

Inventory:

Hand Weapons
 a - a +5 war axe (weapon)
Armour
 c - a +0 shield (worn)
 d - a +0 hat (worn)
 k - a +0 plate armour (worn)
 o - a +0 pair of boots (worn)
 r - a +0 cloak (worn)
Jewellery
 h - a +4 ring of protection (left hand)
 i - a +2 amulet of reflection (around neck)
 m - a ring of protection from magic (right hand)
Wands
 l - a wand of acid (11)
 p - a wand of digging (11)
 w - a wand of scattershot (6)
Scrolls
 e - 2 scrolls of immolation
 g - 10 scrolls of remove curse
 n - 6 scrolls of teleportation
 s - 3 scrolls of identify
 t - 3 scrolls of blinking
 v - a scroll of fog
Potions
 j - 3 potions of curing
 q - a potion of magic
 u - 3 potions of ambrosia
Comestibles
 f - 16 rations


   Skills:
 * Level 10.0 Fighting
 * Level 14.8 Axes
 * Level 9.4 Armour
 * Level 7.2 Dodging
 * Level 10.7 Shields
 * Level 6.2 Invocations
 * Level 5.6 Evocations


You had 11 spell levels left.
You didn't know any spells.

Dungeon Overview and Level Annotations

Branches:
Dungeon (13/15)            Temple (1/1) D:4            Lair (0/6) D:10
    Orc (0/2) D:9          Vaults (0/5) D:13

Altars:
Ashenzari
Cheibriados
Dithmenos
Elyvilon
Fedhas
Gozag
Hepliaklqana
Kikubaaqudgha
Makhleb
Nemelex Xobeh
Okawaru
Qazlal
Ru
Sif Muna
Trog
Uskayaw
Vehumet
Wu Jian
Xom
Yredelemnul
Zin
The Shining One

Shops:
D:10 (%

Portals:
Trove: D:11 (give +4 ice dragon scales)

Annotations:
D:13 Rupert


Innate Abilities, Weirdness & Mutations

You reflexively headbutt those who attack you in melee.
You have a pair of horns on your head.
You are agile. (Dex +2)
Your mind is acute. (Int +2)
You are resistant to hostile enchantments. (MR+)


Message History

Rupert hits you with a great sword of slicing!!!
* * * LOW HITPOINT WARNING * * *
x2 You hit Rupert.
You headbutt Rupert.
Rupert is moderately wounded.
Rupert hits you but does no damage.
Unknown command.
Okay, then.
You slash Rupert!
Rupert is moderately wounded.
You block Rupert's attack.
You hit Rupert but do no damage.
Rupert is moderately wounded.
You block Rupert's attack.
You hit Rupert.
Rupert is moderately wounded.
Rupert closely misses you.
You hit Rupert. You headbutt Rupert, but do no damage.
Rupert is moderately wounded.
Rupert hits you with a great sword of slicing!
You die...

#.... ..######..#....
#.... #..##### +##...)
#....... .....<. #.......
....... + #.......
....... .# #.......
.......#####.# #..#####
.............# #..#
.........@...######..#
.#######.@...........#
#.....'.............#####
#.....#..................
#.....######+########....
#...................'....
#...........!.......#..##
#...................#..#.
#..........[........#..#.


You could see Rupert (berserk).

Vanquished Creatures
  A fire giant (D:9)
  Harold (D:10)
  Fannar (D:11)
  A centaur warrior (D:9)
  4 two-headed ogres
  The ghost of ObtusePanda the Cleaver, a novice HOFi of Beogh (D:8)
  A death yak (D:10)
  The ghost of richr the Magician, a novice GnSk of Sif Muna (D:5)
  A flayed ghost (D:11)
  An orb spider (shapeshifter) (D:13)
  2 ugly things
  A cyclops (D:12)
  A manticore (D:12)
  A rime drake (shapeshifter) (D:13)
  A kobold demonologist (D:12)
  A guardian mummy (D:11)
  A troll (D:9)
  4 hippogriffs
  A snapping turtle (shapeshifter) (D:13)
  A hornet (D:8)
  Sigmund (D:5)
  2 shadows
  2 wyverns
  A fire bat (D:11)
  4 wraiths (D:11)
  A spriggan (D:7)
  25 yaks
  A steam dragon (D:9)
  A hungry ghost (D:10)
  Menkaure (D:7)
  A soldier ant (D:10)
  2 water moccasins
  3 orc warriors (D:10)
  2 sky beasts
  4 black bears
  An ice beast (D:7)
  A necrophage (D:4)
  10 ogres
  2 phantoms
  5 centaurs
  A big kobold (D:8)
  7 bullfrogs
  A gnoll sergeant (D:8)
  A wyvern skeleton (D:9)
  3 scorpions
  2 killer bees (D:9)
  4 wights (D:11)
  3 howler monkeys (D:8)
  An electric eel (D:10)
  A bullfrog zombie (D:7)
  2 centaur zombies
  6 crimson imps
  7 hounds
  3 jellies
  8 orc wizards
  2 bullfrog skeletons
  2 orc priests
  2 centaur skeletons
  A gnoll shaman (D:9)
  Ijyb (D:3)
  2 iguanas
  6 worker ants
  A worker ant zombie (D:8)
  A howler monkey skeleton (D:9)
  18 gnolls
  17 adders
  2 shadow imps (D:5)
  2 oozes
  An adder zombie (D:9)
  2 adder skeletons
  7 worms
  2 dart slugs (D:1)
  7 leopard geckos
  26 orcs
  8 giant cockroaches
  18 goblins
  6 hobgoblins
  9 jackals
  21 kobolds
  3 quokkas
  14 bats
  5 frilled lizards
  6 rats
339 creatures vanquished.

Vanquished Creatures (others)
  2 centaurs (D:8)
  A goblin (D:8)
  A kobold (D:8)
4 creatures vanquished.

Grand Total: 343 creatures vanquished

Notes
Turn   | Place    | Note
-------+----------+-------------------------------------------
     0 | D:1      | Deathtrap2010 the Minotaur Fighter began the quest for the Orb.
     0 | D:1      | Reached XP level 1. HP: 19/19 MP: 0/0
   113 | D:1      | Reached XP level 2. HP: 18/27 MP: 1/1
   591 | D:2      | Gained mutation: You are dopey. (Int -2) [potion of mutation]
   591 | D:2      | Gained mutation: You have a somewhat thin skeletal structure. (Dex +2, Stealth) [potion of mutation]
   591 | D:2      | Lost mutation: You are dopey. (Int -2) [potion of mutation]
   608 | D:2      | Reached XP level 3. HP: 27/33 MP: 2/2
   809 | D:2      | Reached skill level 3 in Axes
   860 | D:2      | Reached skill level 1 in Dodging
   905 | D:2      | Noticed an ogre
   912 | D:2      | Killed an ogre
   912 | D:2      | Reached XP level 4. HP: 13/41 MP: 3/3
  1206 | D:2      | Reached skill level 4 in Axes
  1206 | D:2      | Reached XP level 5. HP: 39/47 MP: 4/4
  2184 | D:3      | Found a glowing golden altar of the Shining One.
  2224 | D:3      | Became a worshipper of the Shining One
  2342 | D:3      | Noticed Ijyb
  2359 | D:3      | Killed Ijyb
  2480 | D:3      | Reached XP level 6. HP: 43/53 MP: 5/5
  2615 | D:3      | Found a shattered altar of Ashenzari.
  2680 | D:3      | Reached skill level 5 in Axes
  2725 | D:4      | Reached skill level 5 in Armour
  2848 | D:4      | Reached skill level 5 in Shields
  2852 | D:4      | Reached skill level 5 in Fighting
  2977 | D:4      | Reached XP level 7. HP: 61/61 MP: 6/6
  2984 | D:4      | Reached skill level 6 in Axes
  3040 | D:4      | Found a staircase to the Ecumenical Temple.
  3047 | Temple   | Entered the Ecumenical Temple
  3469 | D:4      | Reached skill level 1 in Invocations
  3637 | D:5      | Entered Level 5 of the Dungeon
  3645 | D:5      | Reached skill level 1 in Evocations
  3668 | D:5      | Reached skill level 7 in Axes
  3687 | D:5      | Noticed richr's ghost (novice GnSk)
  3719 | D:5      | Killed richr's ghost
  3719 | D:5      | Reached skill level 8 in Axes
  3719 | D:5      | Reached XP level 8. HP: 55/70 MP: 8/8
  3749 | D:5      | Reached * piety under the Shining One
  3874 | D:5      | Noticed Sigmund
  3884 | D:5      | Killed Sigmund
  4229 | D:6      | Reached XP level 9. HP: 75/75 MP: 9/9
  4268 | D:6      | Reached skill level 9 in Axes
  4803 | D:7      | Found a blossoming altar of Fedhas.
  4808 | D:7      | Reached ** piety under the Shining One
  4813 | D:7      | Noticed Menkaure
  4820 | D:7      | Killed Menkaure
  4820 | D:7      | Reached skill level 10 in Axes
  5443 | D:8      | Noticed ObtusePanda's ghost (novice HOFi)
  5465 | D:8      | Killed ObtusePanda's ghost
  5465 | D:8      | Reached XP level 10. HP: 72/86 MP: 11/11
  5570 | D:8      | Noticed a two-headed ogre
  5577 | D:8      | Killed a two-headed ogre
  5577 | D:8      | Reached skill level 11 in Axes
  5577 | D:8      | Reached skill level 5 in Dodging
  5947 | D:8      | Paralysed by a hornet for 3 turns
  6876 | D:9      | Noticed a fire giant
  6886 | D:9      | Reached *** piety under the Shining One
  6886 | D:9      | Killed a fire giant
  6886 | D:9      | Reached skill level 12 in Axes
  6921 | D:9      | Reached XP level 11. HP: 49/94 MP: 13/13
  7439 | D:9      | Noticed a centaur warrior
  7484 | D:9      | Found a staircase to the Orcish Mines.
  7490 | D:9      | Killed a centaur warrior
  7780 | D:10     | Entered Level 10 of the Dungeon
  7818 | D:10     | Noticed a two-headed ogre
  7826 | D:10     | Killed a two-headed ogre
  7845 | D:10     | Found Heexoeck's Weapon Boutique.
  7923 | D:10     | Reached skill level 13 in Axes
  7960 | D:10     | Found Ocicihud's Food Boutique.
  8051 | D:10     | Found a staircase to the Lair.
  8122 | D:10     | Reached skill level 5 in Invocations
  8124 | D:10     | Noticed a death yak
  8146 | D:10     | Killed a death yak
  8147 | D:10     | HP: 2/95 [orc warrior/halberd (13)]
  8689 | D:10     | Noticed Harold
  8699 | D:10     | Killed Harold
  8758 | D:11     | Noticed a green ugly thing
  8758 | D:11     | Noticed a two-headed ogre
  8766 | D:11     | Killed a two-headed ogre
  8766 | D:11     | Reached skill level 5 in Evocations
  8772 | D:11     | Killed a green ugly thing
  8772 | D:11     | Reached XP level 12. HP: 69/104 MP: 15/15
  8776 | D:11     | Noticed Fannar
  8793 | D:11     | Killed Fannar
  8805 | D:11     | Found a portal to a secret trove of treasure.
  8805 | D:11     | Reached **** piety under the Shining One
  8813 | D:11     | Reached skill level 10 in Shields
  9066 | D:11     | Reached skill level 14 in Axes
  9150 | D:11     | Lost mutation: You have a somewhat thin skeletal structure. (Dex +2, Stealth) [potion of mutation]
  9150 | D:11     | Gained mutation: You are somewhat resistant to further mutation. [potion of mutation]
  9240 | D:11     | Found a stormy altar of Qazlal.
  9255 | D:11     | Found a runed door.
  9279 | D:11     | Found an ancient bone altar of Kikubaaqudgha.
  9306 | D:11     | Found a snail-covered altar of Cheibriados.
  9338 | D:11     | Found a hazy altar of Hepliaklqana.
  9356 | D:11     | Reached ***** piety under the Shining One
  9381 | D:11     | Found a shattered altar of Ashenzari.
  9392 | D:11     | Found a radiant altar of Vehumet.
  9854 | D:12     | Lost mutation: You are somewhat resistant to further mutation. [potion of mutation]
  9854 | D:12     | Gained mutation: You are agile. (Dex +2) [potion of mutation]
  9854 | D:12     | Lost mutation: You are agile. (Dex +2) [potion of mutation]
  9854 | D:12     | Gained mutation: Your mind is acute. (Int +2) [potion of mutation]
  9855 | D:12     | Lost mutation: Your mind is acute. (Int +2) [potion of mutation]
  9855 | D:12     | Gained mutation: You are agile. (Dex +2) [potion of mutation]
  9855 | D:12     | Gained mutation: Your mind is acute. (Int +2) [potion of mutation]
  9855 | D:12     | Gained mutation: You are resistant to hostile enchantments. (MR+) [potion of mutation]
 10283 | D:12     | Noticed a two-headed ogre
 10286 | D:12     | Killed a two-headed ogre
 10634 | D:13     | Reached skill level 10 in Fighting
 10660 | D:13     | Found a gate to the Vaults.
 10785 | D:13     | Noticed Rupert
 10801 | D:13     | Slain by Rupert

Vault maps used:
D:1:      elethiomel_arrival_quiet
D:2:      first_ration
D:3:      nicolae_overflow_hidden_temple, tso_metal_star, uniq_ijyb
D:4:      temple_statues
D:5:      hangedman_decor_diamond_cutter, uniq_sigmund
D:7:      the_bakery, nrook_loot_triangle, fedhas_altar_2, uniq_menkaure
D:8:      corexii_shantytown
D:9:      minmay_the_grid_net
D:10:     argonaut_augean_stables, dpeg_oklobed_lair, serial_shops, shop,
          nicolae_shop_behind_doors, uniq_harold
D:11:     due_megacathedral, nicolae_trove_entry_path_of_doom, uniq_fannar
D:13:     david_vaults_2, minmay_unpleasant_kobolds, uniq_rupert
Temple:   nicolae_temple_the_god_donut

Skill      XL: |  1  2  3  4  5  6  7  8  9 10 11 12 |
---------------+-------------------------------------+-----
Fighting       | 4 5 6 7 9 10 | 10.0
Armour         | 4 5 6 7 8 9 |  9.4
Shields        | 4 5 6 8 9 10 | 10.7
Axes           | 3 4 5 8 10 12 13 14 | 14.8
Dodging        | 1 2 3 4 5 6 7 |  7.2
Invocations    | 2 3 4 5 6 |  6.2
Evocations     | 1 2 3 4 5 |  5.6

Action                   |  1- 3 |  4- 6 |  7- 9 | 10-12 || total
-------------------------+-------+-------+-------+-------++-------
Melee: War axe           |    63 |   127 |   205 |   416 ||   811
       Headbutt          |    11 |    24 |    37 |    92 ||   164
Evoke: Wand              |       |     1 |     4 |     2 ||     7
  Use: Scroll            |     3 |     5 |     5 |     5 ||    18
       Potion            |     3 |     4 |     5 |    13 ||    25
  Eat: Ration            |       |     2 |     3 |     5 ||    10
Armor: Scale mail        |    25 |    41 |       |       ||    66
       Plate armour      |       |    24 |    89 |   157 ||   270
Dodge: Dodged            |    16 |    34 |    48 |   127 ||   225
Block: Shield            |    33 |    76 |   122 |   308 ||   539
       Reflection        |       |       |     7 |    34 ||    41

Table legend:
 A = Spawn XP
 B = Non-spawn XP
 C = Spawn XP percentage of total XP
 D = Spawn monster count
 E = Non-spawn monster count
 F = Spawn count percentage of total count
 G = Total turns spent on level
                    A         B        C        D         E        F      G
               +---------+---------+-------+---------+---------+-------+---------
         Total |       0 |   33995 |   0.0 |       0 |     343 |   0.0 | 10801
               +---------+---------+-------+---------+---------+-------+---------
           D:1 |       0 |      31 |   0.0 |       0 |      17 |   0.0 |   580
           D:2 |       0 |     208 |   0.0 |       0 |      25 |   0.0 |  1364
           D:3 |       0 |     151 |   0.0 |       0 |      21 |   0.0 |   759
           D:4 |       0 |     526 |   0.0 |       0 |      21 |   0.0 |   670
           D:5 |       0 |    1681 |   0.0 |       0 |      18 |   0.0 |   417
           D:6 |       0 |     882 |   0.0 |       0 |      18 |   0.0 |   543
           D:7 |       0 |    1310 |   0.0 |       0 |      20 |   0.0 |   838
           D:8 |       0 |    3307 |   0.0 |       0 |      67 |   0.0 |  1365
           D:9 |       0 |    5716 |   0.0 |       0 |      35 |   0.0 |  1326
          D:10 |       0 |    6848 |   0.0 |       0 |      38 |   0.0 |   632
          D:11 |       0 |    7811 |   0.0 |       0 |      46 |   0.0 |   996
          D:12 |       0 |    4007 |   0.0 |       0 |      13 |   0.0 |   750
          D:13 |       0 |    1517 |   0.0 |       0 |       4 |   0.0 |   297
               +---------+---------+-------+---------+---------+-------+---------
